 Dungeon Crawl Stone Soup version 0.29-a0-284-gf9362112df (webtiles) character file.

Game seed: 11524640275444942917

1671 avis the Fighter (level 9, -2/85 HPs)
             Began as a Hill Orc Monk on Mar 19, 2022.
             Slain by an orc warrior
             ... wielding a +0 war axe
              (10 damage)
             ... on level 6 of the Dungeon.
             The game lasted 00:36:21 (7550 turns).

avis the Fighter (Hill Orc Monk)                    Turns: 7550, Time: 00:36:21

Health: -2/85      AC: 14    Str: 14    XL:     9   Next: 1%
Magic:  0/9        EV:  6    Int: 14    God:
Gold:   96         SH:  0    Dex: 13    Spells: 8/8 levels left

rFire   . . .      SeeInvis .     - Unarmed
rCold   . . .      Faith    .   (no shield)
rNeg    . . .      Spirit   +   I - +1 chain mail {Will+}
rPois   .          Reflect  .   (no helmet)
rElec   .          Harm     .   v - +0 cloak
rCorr   .          Rampage  .   M - +2 pair of gloves
Will    ++...                   g - +0 pair of boots
Stlth   ..........              E - amulet of guardian spirit
HPRegen 0.24/turn               k - ring of willpower
MPRegen 0.11/turn               (no ring)

@: hasted, very quick
A: no striking features
a: no special abilities


You were on level 6 of the Dungeon.
You visited 2 branches of the dungeon, and saw 7 of its levels.

You collected 276 gold pieces.
You spent 180 gold pieces at shops.

Inventory:

Hand Weapons
 b - a +0 trident
Missiles
 o - 10 poisoned darts (quivered)
 G - 2 boomerangs
Armour
 g - a +0 pair of boots (worn)
 v - a +0 cloak (worn)
 I - a +1 chain mail of willpower (worn)
 M - a +2 pair of gloves (worn)
Magical Staves
 m - a staff of fire
Jewellery
 k - a ring of willpower (left hand)
 E - an amulet of guardian spirit (around neck)
Wands
 B - a wand of polymorph (8)
 L - a wand of digging (7)
Scrolls
 a - a scroll of blinking {unknown}
 d - a scroll of fear {unknown}
 e - 3 scrolls of noise {unknown}
 h - 2 scrolls of identify
 i - a scroll of amnesia {unknown}
 j - 3 scrolls of enchant armour {unknown}
 r - 2 scrolls of enchant weapon {unknown}
 s - a scroll of fog {unknown}
 t - a scroll of vulnerability {unknown}
 u - a scroll of brand weapon {unknown}
 y - a scroll of silence {unknown}
 A - 3 scrolls of teleportation {unknown}
 C - a scroll of magic mapping {unknown}
Potions
 c - a potion of mutation
 f - 3 potions of haste
 l - a potion of resistance
 p - a potion of ambrosia
 q - a potion of berserk rage
 z - a potion of heal wounds
 D - 4 potions of curing
 F - a potion of brilliance


   Skills:
 - Level 10.0 Fighting
 - Level 3.0 Dodging
 - Level 1.5 Stealth
 * Level 9.1 Unarmed Combat


You had 8 spell levels left.
You didn't know any spells.
Your spell library contained the following spells:

 Spells                   Type           Power      Damage    Failure   Level
 Apportation              Tloc           0%         N/A       100%        1
 Gell's Gravitas          Tloc           0%         N/A       100%        3
 Teleport Other           Tloc           0%         N/A       100%        3
 Alistair's Intoxication  Tmut/Pois      0%         N/A       100%        5
 Dispersal                Tloc           0%         N/A       100%        6


Dungeon Overview and Level Annotations

Branches:
Dungeon (6/15)             Temple (1/1) D:5

Altars:
Qazlal

Shops:
D:2 *[(:

Annotations:
D:6 2 transporters, bearlyready's ghost, novice TeGl


Message History

You closely miss the orc warrior.
The orc warrior hits you with a +0 war axe.
You barely miss the orc warrior.
The orc warrior hits you with a +0 war axe!
You completely miss the orc warrior.
The orc warrior hits you with a +0 war axe!
You hit the orc warrior but do no damage.
The orc warrior hits you with a +0 war axe!
You closely miss the orc warrior. The orc warrior barely misses you.
You hit the orc warrior.
The orc warrior is lightly wounded.
You closely miss the orc warrior. You punch the orc warrior!
The orc warrior is heavily wounded.
The orc warrior barely misses you.
You closely miss the orc warrior.
The orc warrior is heavily wounded.
The orc warrior hits you with a +0 war axe.
You closely miss the orc warrior.
The orc warrior is heavily wounded.
The orc warrior hits you with a +0 war axe!
You completely miss the orc warrior.
The orc warrior is heavily wounded.
The orc warrior hits you with a +0 war axe!
You closely miss the orc warrior.
The orc warrior is heavily wounded.
The orc warrior hits you with a +0 war axe.
* * * LOW HITPOINT WARNING * * *
You closely miss the orc warrior.
You punch the orc warrior, but do no damage.
The orc warrior is heavily wounded.
The orc warrior hits you with a +0 war axe!
* * * LOW HITPOINT WARNING * * *
The orc warrior attacks as you move away!
The orc warrior hits you with a +0 war axe!
* * * LOW HITPOINT WARNING * * *
The orc warrior attacks as you move away!
The orc warrior barely misses you.
You feel yourself speed up.
The orc warrior hits you with a +0 war axe!
You die...

...........................#....[
...........................#.....
...........................#.....
...........................#.....
...........................#.....
.......o...o...............#.....
.#####.####.##.##.##.####'##.....
†##.##.####o##.##.######.........
.....oo#.....o.o@......'<........
.......#...............#)........
.......#...............#.........
.......#......>........#.........
###...###...##+##+####+#.........
###...########.# ........####
+..............# ........#...
#..............# .........#...
#......o.......# .........#...


You could see an orc warrior and 2 orcs.

Vanquished Creatures
  Grinder (D:4)
  A wyvern (D:4)
  Duvessa (D:5)
  An ice beast (D:6)
  2 ogres (D:5)
  A black bear (D:3)
  A bullfrog (D:4)
  A necrophage (D:4)
  2 scorpions (D:6)
  Dowan (D:5)
  A jelly (D:5)
  4 killer bees (D:5)
  2 howler monkeys
  2 hounds
  An iguana (D:3)
  2 orc wizards (D:3)
  5 adders
  3 gnolls (D:4)
  A worm (D:3)
  19 orcs
  6 ball pythons
  4 endoplasms
  4 giant cockroaches
  6 goblins
  3 hobgoblins
  4 jackals (D:2)
  4 quokkas
  4 bats
  3 frilled lizards
  4 kobolds
  6 rats
100 creatures vanquished.

Notes
Turn   | Place    | Note
-------+----------+-------------------------------------------
     0 | D:1      | avis the Hill Orc Monk began the quest for the Orb.
     0 | D:1      | Reached XP level 1. HP: 19/19 MP: 1/1
    34 | D:1      | Reached skill level 4 in Fighting
   111 | D:1      | Reached XP level 2. HP: 27/27 MP: 2/2
  1000 | D:2      | Found Egid's Assorted Antiques.
  1128 | D:2      | Reached XP level 3. HP: 34/34 MP: 3/3
  1217 | D:2      | Found Notror's Antique Weapon Emporium.
  1255 | D:2      | Found a faded altar of an unknown god.
  1321 | D:2      | Found Qompagy's Book Shoppe.
  1453 | D:2      | Found Xosaqase's Armour Boutique.
  1977 | D:3      | Reached skill level 5 in Fighting
  2042 | D:3      | Noticed a black bear
  2155 | D:3      | Reached XP level 4. HP: 41/42 MP: 4/4
  2465 | D:3      | Killed a black bear
  2466 | D:3      | Reached skill level 5 in Unarmed Combat
  2466 | D:3      | Reached skill level 6 in Fighting
  2466 | D:3      | Reached XP level 5. HP: 23/50 MP: 5/5
  2855 | D:3      | Found a stormy altar of Qazlal.
  3226 | D:3      | HP: 2/50 [something (2)]
  3240 | D:3      | Reached XP level 6. HP: 17/57 MP: 6/6
  4081 | D:4      | Noticed a wyvern
  4094 | D:4      | Killed a wyvern
  4095 | D:4      | Reached skill level 7 in Fighting
  4095 | D:4      | Reached XP level 7. HP: 33/66 MP: 2/7
  4759 | D:4      | Noticed Grinder
  5204 | D:4      | Killed Grinder
  5347 | D:5      | Entered Level 5 of the Dungeon
  5401 | D:5      | Reached skill level 8 in Fighting
  5449 | D:5      | Reached XP level 8. HP: 74/74 MP: 8/8
  5522 | D:5      | Noticed Duvessa
  5522 | D:5      | Noticed Dowan
  5535 | D:5      | Killed Duvessa
  5547 | D:5      | Killed Dowan
  6052 | D:2      | Bought a pair of embroidered gloves for 180 gold pieces
  6467 | D:5      | Reached skill level 9 in Fighting
  6981 | D:5      | Found a staircase to the Ecumenical Temple.
  7077 | Temple   | Entered the Ecumenical Temple
  7441 | D:6      | Reached skill level 10 in Fighting
  7463 | D:6      | Reached XP level 9. HP: 85/85 MP: 9/9
  7471 | D:6      | Found a transporter.
  7478 | D:6      | Found a transporter.
  7478 | D:6      | Noticed bearlyready's ghost (novice TeGl)
  7478 | D:6      | Noticed a troll
  7550 | D:6      | Slain by an orc warrior

Illustrated notes

Levels and vault maps discovered:
D:1:      dpeg_arrival_rhombus, layout_loops_ring
D:2:      layout_loops_ring, chequers_ecumenical_altar_island, serial_shops,
          nicolae_shop_statue_plus, nicolae_shop_advertising_works
          [nicolae_subvault_shop_adworks], shop_statue, shop
D:3:      layout_loops_corners, nicolae_qazlal_scattered_showers
D:4:      layout_basic, uniq_grinder
D:5:      layout_basic, minmay_temple_entry_enclosed_plants, minivault_5,
          uniq_duvessa
D:6:      layout_gridville, gammafunk_ghost_arena
Temple:   mainiacjoe_temple_hex_bubbles

Skill      XL: |  1  2  3  4  5  6  7  8 |
---------------+-------------------------+-----
Fighting       | 4 5 6 7 8 10 | 10.0
Unarmed Combat | 4 5 6 7 9 |  9.1
Dodging        | 3 |  3.0
Stealth        | |  1.5

Action                   |  1- 3 |  4- 6 |  7- 9 || total
-------------------------+-------+-------+-------++-------
Melee: Unarmed           |    17 |       |   199 ||   216
       Dagger            |    81 |   111 |    43 ||   235
       Punch             |     1 |     1 |     8 ||    10
Throw: Dart              |       |       |     1 ||     1
  Use: Potion            |       |     4 |     3 ||     7
       Scroll            |       |       |     5 ||     5
 Stab: Sleeping          |     8 |     2 |     1 ||    11
Armor: Robe              |    14 |       |       ||    14
       Leather armour    |     8 |    24 |     9 ||    41
       Chain mail        |       |       |    89 ||    89
Dodge: Dodged            |    52 |    43 |    84 ||   179

Table legend: (Time is in decaauts)
 A = Elapsed time spent in this place.
 B = Non-inter-level travel time spent in this place.
 C = Inter-level travel time spent in this place.
 D = Time resting spent in this place.
 E = Time spent auto-exploring this place.
 F = Levels seen in this place.
 G = Mean time per level.
                   A        B        C        D        E       F      G
               +--------+--------+--------+--------+--------+-----+--------+
         Total |   7507 |   6505 |   1002 |   2098 |   2810 |   7 | 1072.4 |
       Dungeon |   7488 |   6486 |   1002 |   2098 |   2810 |   6 | 1248.0 |
        Temple |     18 |     18 |      0 |      0 |      0 |   1 |   18.0 |
               +--------+--------+--------+--------+--------+-----+--------+

Top non-repeatable levels by time:
     D:4: 1859 daAuts
     D:3: 1792 daAuts
     D:5: 1390 daAuts
     D:1: 1118 daAuts
     D:2: 944 daAuts
     D:6: 383 daAuts
  Temple: 18 daAuts
